Map: Blueshift LE

Players

mLty

  • Race: Zerg Zerg
  • Spawn Location: 7:00

JadedShard - Winner!

  • Race: Zerg Zerg
  • Spawn Location: 1:00

Event: WCS Montreal 2018

VOD

Have the link to the VOD?

Description

Time

  • Played on: Sept. 7, 2018, 1:11 p.m.
  • Length: 11:50

All games in this series

Show
View Real Time Build Order
Export as new Build Order

mLty Zerg 

Build Orders: Pool First 

Get SALT Encoding   

  12  0:18  Spawning Pool  
  12  0:20  Drone  
  12  0:25  Drone  
  13  0:30  Drone  
  14  0:42  Overlord  
  14  1:04  Zergling x6  
  17  1:15  Zergling x2  
  17  1:17  Hatchery  
  17  1:27  Drone  
  17  1:31  Queen  
  20  1:37  Drone  
  21  1:47  Overlord  
  21  2:18  Drone x2  
  23  2:22  Extractor  
  22  2:35  Queen  
  23  2:38  Drone x3  
  23  2:41  Queen  
  23  2:43  Drone x2  
  30  2:55  Drone x3  
  33  3:06  Spine Crawler  
  33  3:11  Zergling x6  
  33  3:12  Spine Crawler  
  34  3:29  Zergling x2  
  34  3:31  Overlord  
  35  3:40  Queen  
  35  3:49  Overlord  
  35  3:56  Hatchery  
  34  4:07  Drone  
  34  4:08  Drone x7  
  42  4:14  Extractor  
  41  4:22  Queen  
  43  4:24  Drone x2  
  43  4:27  Drone  
  43  4:30  Drone  
  47  4:38  Roach Warren  
  46  4:50  Evolution Chamber  
  45  5:00  Lair  
  45  5:02  Evolution Chamber  
  45  5:04  Drone x4  
  45  5:05  Drone  
  45  5:06  Drone x2  
  51  5:17  Zerg Missile Weapons Level 1  
  49  5:29  Evolution Chamber  
  49  5:30  Roach x4  
  53  5:36  Roach  
  53  5:37  Roach  
  53  5:38  Overlord  
  53  5:41  Overlord  
  57  6:03  Roach x8  
  73  6:14  Overlord  
  73  6:15  Overlord x2  
  73  6:19  Zerg Ground Armor Level 1  
  73  6:21  Glial Reconstitution  
  73  6:33  Roach x3  
  75  6:42  Roach  
  75  6:43  Roach x2  
  77  6:51  Roach  
  77  6:56  Extractor  
  76  7:05  Drone x6  
  82  7:13  Hatchery, Hydralisk Den  
  80  7:18  Extractor, Drone x3  
  76  7:39  Roach x7  
  91  7:47  Muscular Augments  
  91  7:54  Overlord x3  
  91  8:07  Hatchery  
  88  8:14  Hydralisk  
  88  8:15  Hydralisk x4  
  88  8:18  Roach  
  90  8:29  Hydralisk  
  90  8:30  Hydralisk x3  
  98  8:41  Hydralisk x2  
  98  8:47  Drone x4  
  106  8:55  Roach x3  
  92  9:18  Roach x3  
  96  9:29  Hatchery  
  95  9:33  Roach x3  
  95  9:34  Roach x2  
  95  9:37  Drone  
  95  9:38  Drone x2  
  108  9:39  Drone  
  105  9:54  Roach x5  
  115  10:12  Overlord  
  113  10:23  Roach x4  
  81  10:39  Roach x6  
  93  10:43  Hydralisk  
  93  10:49  Roach x2  
  97  10:55  Roach x2  
  89  11:01  Roach x2  
  89  11:03  Roach  
  89  11:04  Roach x5  
  97  11:09  Roach x2  
  93  11:20  Roach x3  
  93  11:24  Roach x2  
  91  11:27  Roach x2  
Show
View Real Time Build Order
Export as new Build Order

JadedShard Zerg - Winner!

Build Orders: Hatch First 

Get SALT Encoding   

  12  0:00  Drone  
  13  0:12  Overlord  
  13  0:17  Drone  
  14  0:30  Drone x2  
  14  0:34  Drone  
  17  0:52  Hatchery  
  17  0:54  Drone  
  17  0:58  Drone  
  17  1:01  Extractor  
  17  1:12  Spawning Pool  
  17  1:15  Drone  
  17  1:20  Drone  
  18  1:28  Drone  
  19  1:38  Overlord  
  19  1:53  Drone  
  20  2:06  Zergling x4  
  22  2:09  Queen x2  
  26  2:20  Zergling x4  
  28  2:35  Zergling x6  
  31  2:41  Zergling x2  
  32  2:55  Drone  
  32  2:56  Drone x2, Roach Warren  
  34  3:03  Drone  
  35  3:12  Drone, Evolution Chamber  
  35  3:23  Drone  
  35  3:24  Overlord x2  
  36  3:39  Overlord  
  36  3:40  Drone x3  
  36  3:47  Zerg Missile Weapons Level 1  
  36  3:48  Lair  
  36  3:49  Drone  
  37  4:01  Extractor  
  35  4:05  Roach x2  
  37  4:12  Roach  
  38  4:19  Queen  
  38  4:20  Drone x3  
  38  4:21  Drone x3  
  46  4:30  Roach x2  
  50  4:40  Roach x2  
  50  4:45  Roach  
  56  4:46  Roach  
  58  4:54  Extractor  
  57  5:01  Roach  
  57  5:03  Overlord x2  
  59  5:14  Overlord x2  
  59  5:17  Glial Reconstitution  
  59  5:28  Roach x4  
  67  5:34  Roach  
  67  5:35  Roach x2  
  73  5:41  Drone x2  
  73  5:42  Drone x2  
  77  5:52  Roach x3  
  83  6:02  Zerg Missile Weapons Level 2  
  83  6:05  Overlord  
  83  6:19  Overlord x2  
  83  6:32  Hatchery  
  82  6:40  Roach  
  82  6:41  Roach x5  
  90  6:50  Roach x2  
  90  6:51  Roach  
  96  6:59  Drone x3  
  99  7:08  Drone x2  
  99  7:09  Drone  
  99  7:10  Overlord  
  98  7:26  Roach  
  98  7:27  Roach x3  
  106  7:42  Roach x6  
  114  7:44  Queen  
  114  7:48  Drone  
  117  8:04  Overlord, Roach x2  
  117  8:05  Overlord x4  
  117  8:16  Roach x3  
  108  8:30  Roach  
  108  8:31  Roach x6  
  122  8:50  Roach x8  
  120  9:00  Roach  
  110  9:05  Drone x2  
  110  9:10  Hydralisk Den  
  95  9:30  Extractor  
  90  9:31  Infestation Pit, Roach  
  90  9:32  Roach x5  
  90  9:33  Zerg Ground Armor Level 1  
  101  9:43  Roach  
  101  9:44  Roach x7  
  119  9:45  Roach  
  119  10:01  Lurker Den  
  118  10:08  Drone x2  
  118  10:09  Drone x5  
  118  10:11  Drone  
  118  10:12  Drone x3  
  123  10:25  Roach x2  
  123  10:26  Roach x4  
  117  10:35  Roach x3  
  123  10:37  Roach  
  125  10:43  Extractor  
  122  10:56  Roach x7  
  122  10:57  Roach x2  
  134  11:02  Roach x3  
  138  11:15  Roach x2  
  138  11:16  Roach x4  
  144  11:25  Roach x4  
Tags
 
Add a new tag
Caveats
  • Supply blocks, unpowered buildings, or Contaminate may cause inaccurate times.
  • Supply counts are checked every 10 seconds.